Workbook
Name \0: #REF!
Name \0: #REF!
Name \0: #REF!
Name \A: #REF!
Name \A: #REF!
Name \B: #REF!
Name \c: #REF!
Name \c: #REF!
Name \d: #REF!
Name \d: #REF!
Name \e: #REF!
Name \e: #REF!
Name \F: #REF!
Name \F: #REF!
Name \G: #REF!
Name \I: #REF!
Name \J: #REF!
Name \l: #REF!
Name \l: #REF!
Name \M: #REF!
Name \n: #REF!
Name \o: #REF!
Name \P: #REF!
Name \r: #REF!
Name \r: #REF!
Name \s: #REF!
Name \v: #REF!
Name \w: #REF!
Name \w: #REF!
Name \x: #REF!
Name \x: #REF!
Name \y: #REF!
Name \y: #REF!
Name \z: #REF!
Name \z: #REF!
Name _\T: #REF!
Name ________FAS109: #REF!
Name _______BEG1: #REF!
Name _______BEG1: #REF!
Name _______BEG2: #REF!
Name _______END1: #REF!
Name _______END2: #REF!
Name _______FAS109: #REF!
Name _______sam1: #REF!
Name ______BEG1: #REF!
Name ______BEG2: #REF!
Name ______END1: #REF!
Name ______END2: #REF!
Name ______EPS03: #REF!
Name ______EPS03: #REF!
Name ______EPS04: #REF!
Name ______EPS04: #REF!
Name ______EPS05: #REF!
Name ______EPS05: #REF!
Name ______EPS06: #REF!
Name ______EPS06: #REF!
Name ______EPS07: #REF!
Name ______EPS07: #REF!
Name ______FAS109: #REF!
Name ______FAS109: #REF!

Sheet A3.1-EDIT-DDIT
A1: Worksheet A3.1
A2: Accumulated Excess / Deficient Deferred Income Taxes ("EDIT"/"DDIT") (Note A, H)
A3: Black Hills Colorado Electric, LLC
A4: Actuals - For the 12 months ended 12/31/2024
F7: 45261 | G7: 2024 | H7: 2024 | I7: 45627 | L7: =+F7 -> 45261 | M7: =+G7 -> 2024 | N7: =H7 -> 2024 | O7: =I7 -> 45627
A8: No. | B8: (a) | C8: (a1) | D8: (a2) | E8: (a3) | F8: (b) | G8: (c) | H8: (d) | I8: (e) | J8: (f) | L8: (g) | M8: (h) | N8: (i) | O8: (j) | P8: (k) | Q8: (l)
A10: Line No. | B10: Item (Note A1) | C10: Vintage | D10: Account | E10: Form No. 1 Page (Note I) | F10: BOY Balance (Note B) | G10: Current Period Amortization (Note C) | H10: Current Period Other Activity (Note D) | I10: EOY Balance (Note E) | J10: Allocator (Note F) | L10: BOY Allocated Amount | M10: Current Amortization Allocated | N10: Current Period Other Activity Allocated | O10: EOY Allocated Amount | P10: Prorated (Yes/No) (Note G) | Q10: Amort Period or Method
A12: 1 | B12: NON PLANT DDIT/(EDIT)
A13: =A12+1 -> 2 | B13: Total Non-Protected Non-Property - DDIT (Note K) | C13: 2017 TCJA | D13: 182.3 | F13: 0 | G13: 0 | H13: 0 | I13: 1e-09 | J13: 2017 NP | K13: 0.22680815 | L13: =F13*$K13 -> 0 | M13: =G13*$K13 -> 0 | N13: =H13*$K13 -> 0 | O13: =I13*$K13 -> 2.2680815e-10 | P13: Yes | Q13: One-Time Refund
A14: =A13+1 -> 3 | B14: … | L14: =F14*$K14 -> 0 | M14: =G14*$K14 -> 0 | N14: =H14*$K14 -> 0 | O14: =I14*$K14 -> 0
A15: 50 | B15: Total Non Plant Non-Protected DDIT/(EDIT) | F15: =SUM(F13:F14) -> 0 | G15: =SUM(G13:G14) -> 0 | H15: =SUM(H13:H14) -> 0 | I15: =SUM(I13:I14) -> 1e-09 | L15: =SUM(L13:L14) -> 0 | M15: =SUM(M13:M14) -> 0 | N15: =SUM(N13:N14) -> 0 | O15: =SUM(O13:O14) -> 2.2680815e-10
A17: 51 | B17: Deferred Tax Liability Non Plant (Note K) | C17: 2017 TCJA | D17: 283 | F17: 0 | G17: 0 | H17: 0 | I17: 0 | J17: 2017 NP | K17: 0.22680815 | L17: =F17*$K17 -> 0 | M17: =G17*$K17 -> 0 | N17: =H17*$K17 -> 0 | O17: =I17*$K17 -> 0
A18: 52 | B18: … | L18: =F18*$K18 -> 0 | M18: =G18*$K18 -> 0 | N18: =H18*$K18 -> 0 | O18: =I18*$K18 -> 0
A19: 150 | B19: Total Deferred Tax Offset Non Plant | F19: =SUM(F17:F18) -> 0 | G19: =SUM(G17:G18) -> 0 | H19: =SUM(H17:H18) -> 0 | I19: =SUM(I17:I18) -> 0 | L19: =SUM(L17:L18) -> 0 | M19: =SUM(M17:M18) -> 0 | N19: =SUM(N17:N18) -> 0 | O19: =SUM(O17:O18) -> 0
A20: 151
A21: 152 | B21: Total Non Plant Non-Protected DDIT/(EDIT) (Net of Tax Gross Up) | F21: =F15+F19 -> 0 | G21: =G15+G19 -> 0 | H21: =H15+H19 -> 0 | I21: =I15+I19 -> 1e-09 | L21: =L15+L19 -> 0 | M21: =M15+M19 -> 0 | N21: =N15+N19 -> 0 | O21: =O15+O19 -> 2.2680815e-10
A23: 200 | B23: PLANT DDIT/(EDIT)
A24: =A23+1 -> 201 | B24: Total Protected Property - EDIT | C24: 2017 TCJA | D24: 254 | F24: ='FF1 to A3.1 Tie Out'!E20+'FF1 to A3.1 Tie Out'!E22+1 -> -71366502 | G24: =-'2024 ARAM and 2023 True Up'!R17 -> 2549068.4 | H24: =I24-G24-F24 -> -75103.96 | I24: ='FF1 to A3.1 Tie Out'!G20+'FF1 to A3.1 Tie Out'!G22 -> -68892538 | J24: 2017 NP | K24: 0.22680815 | L24: =F24*$K24 -> -16186504 | M24: =G24*$K24 -> 578149.49 | N24: =H24*$K24 -> -17034.19 | O24: =I24*$K24 -> -15625389 | P24: Yes | Q24: ARAM
A25: =A24+1 -> 202 | B25: Total Non-Protected Property - EDIT (Note K) | C25: 2017 TCJA | D25: 254 | F25: 0 | G25: 0 | H25: =I25-G25-F25 -> 0 | I25: 0 | J25: 2017 NP | K25: 0.22680815 | L25: =F25*$K25 -> 0 | M25: =G25*$K25 -> 0 | N25: =H25*$K25 -> 0 | O25: =I25*$K25 -> 0 | P25: Yes | Q25: One-Time Refund
A26: =A25+1 -> 203 | B26: Total Protected Property - DDIT-NOL | C26: 2017 TCJA | D26: 182.3 | F26: 30331026 | G26: =-'2024 ARAM and 2023 True Up'!R19 -> -1075594.1 | H26: =I26-G26-F26 -> 445656.11 | I26: ='182392 12.31.2024'!F22 -> 29701088 | J26: 2017 NP | K26: 0.22680815 | L26: =F26*$K26 -> 6879323.9 | M26: =G26*$K26 -> -243953.51 | N26: =H26*$K26 -> 101078.44 | O26: =I26*$K26 -> 6736448.8 | P26: Yes | Q26: ARAM
A27: =A26+1 -> 204 | B27: Total Cost of Removal - DDIT | C27: 2017 TCJA | D27: 182.3 | F27: 1623575 | G27: =-'2024 ARAM and 2023 True Up'!R13 -> -28514.115 | H27: =I27-G27-F27 -> -39.885281 | I27: ='182392 12.31.2024'!E23 -> 1595021 | J27: 2017 NP | K27: 0.22680815 | L27: =F27*$K27 -> 368240.04 | M27: =G27*$K27 -> -6467.2336 | N27: =H27*$K27 -> -9.0463069 | O27: =I27*$K27 -> 361763.76 | P27: Yes | Q27: ARAM
A28: =A27+1 -> 205 | B28: Total Non-Protected Property - BHSC EDIT | D28: 254 | F28: ='FF1 to A3.1 Tie Out'!E21 -> -25456.22 | G28: =-'2024 ARAM and 2023 True Up'!R18 -> 2627.7392 | H28: =I28-G28-F28 -> 19.910812 | I28: ='FF1 to A3.1 Tie Out'!G21 -> -22808.57 | J28: 2017 NP | K28: 0.22680815 | L28: =F28*$K28 -> -5773.6781 | M28: =G28*$K28 -> 595.99266 | N28: =H28*$K28 -> 4.5159345 | O28: =I28*$K28 -> -5173.1695 | P28: Yes | Q28: ARAM
A29: =A27+1 -> 205 | B29: … | L29: =F27*$K29 -> 0 | M29: =G27*$K29 -> 0 | N29: =H27*$K29 -> 0 | O29: =I27*$K29 -> 0
A30: 299 | B30: Total Plant DDIT/(EDIT) | F30: =SUM(F24:F28) -> -39437358 | G30: =SUM(G24:G28) -> 1447587.9 | H30: =SUM(H24:H28) -> 370532.17 | I30: =SUM(I24:I28) -> -37619237 | L30: =SUM(L24:L29) -> -8944714.1 | M30: =SUM(M24:M29) -> 328324.74 | N30: =SUM(N24:N29) -> 84039.716 | O30: =SUM(O24:O29) -> -8532349.6
A32: 300 | B32: Deferred Tax Asset Plant | C32: 2017 TCJA | D32: 190 | F32: =-(F24+F28)*'2024 ARAM and 2023 True Up'!$F$33 -> 17473896 | G32: =-(G24+G28)*'2024 ARAM and 2023 True Up'!$F$33 -> -624553.15 | H32: =-(H24+H28)*'2024 ARAM and 2023 True Up'!$F$33 -> 18377.572 | I32: =SUM(F32:H32) -> 16867720 | J32: 2017 NP | K32: 0.22680815 | L32: =F32*$K32 -> 3963222 | M32: =G32*$K32 -> -141653.74 | N32: =H32*$K32 -> 4168.1831 | O32: =I32*$K32 -> 3825736.4
A33: =A32+1 -> 301 | B33: Deferred Tax Liability Plant | C33: 2017 TCJA | D33: 283 | F33: =-(F26+F27)*'2024 ARAM and 2023 True Up'!$F$33 -> -7821208.1 | G33: =-(G26+G27)*'2024 ARAM and 2023 True Up'!$F$33 -> 270241.53 | H33: =-(H26+H27)*'2024 ARAM and 2023 True Up'!$F$33 -> -109069.03 | I33: =SUM(F33:H33) -> -7660035.6 | J33: 2017 NP | K33: 0.22680815 | L33: =F33*$K33 -> -1773913.7 | M33: =G33*$K33 -> 61292.981 | N33: =H33*$K33 -> -24737.744 | O33: =I33*$K33 -> -1737358.5
A34: =A33+1 -> 302 | B34: … | L34: =F34*$K34 -> 0 | M34: =G34*$K34 -> 0 | N34: =H34*$K34 -> 0 | O34: =I34*$K34 -> 0
A35: 350 | B35: Total Deferred Tax Offset Plant | F35: =SUM(F32:F34) -> 9652687.6 | G35: =SUM(G32:G34) -> -354311.62 | H35: =SUM(H32:H34) -> -90691.455 | I35: =SUM(I32:I34) -> 9207684.6 | L35: =SUM(L32:L34) -> 2189308.2 | M35: =SUM(M32:M34) -> -80360.763 | N35: =SUM(N32:N34) -> -20569.561 | O35: =SUM(O32:O34) -> 2088377.9
A36: =A35+1 -> 351
A37: =A36+1 -> 352 | B37: Total Plant DDIT/(EDIT) (Net of Tax Gross Up) | F37: =F30+F35 -> -29784670 | G37: =G30+G35 -> 1093276.3 | H37: =H30+H35 -> 279840.72 | I37: =I30+I35 -> -28411553 | L37: =L30+L35 -> -6755405.9 | M37: =M30+M35 -> 247963.98 | N37: =N30+N35 -> 63470.155 | O37: =O30+O35 -> -6443971.7
A39: 353 | B39: TOTALS
A40: =A39+1 -> 354
A41: =A40+1 -> 355 | B41: Total Excess/Deficient Deferred Income Taxes (Note I) | D41: 72322678 | F41: =+F15+F30 -> -39437358 | G41: =+G15+G30 -> 1447587.9 | H41: =+H15+H30 -> 370532.17 | I41: =+I15+I30 -> -37619237 | L41: =+L15+L30 -> -8944714.1 | M41: =+M15+M30 -> 328324.74 | N41: =+N15+N30 -> 84039.716 | O41: =+O15+O30 -> -8532349.6
A42: =A41+1 -> 356 | B42: Total Deferred Tax Offset | D42: 25465 | F42: =F19+F35 -> 9652687.6 | G42: =G19+G35 -> -354311.62 | H42: =H19+H35 -> -90691.455 | I42: =I19+I35 -> 9207684.6 | L42: =L19+L35 -> 2189308.2 | M42: =M19+M35 -> -80360.763 | N42: =N19+N35 -> -20569.561 | O42: =O19+O35 -> 2088377.9
A43: =A42+1 -> 357 | B43: Total Excess/Deficient Deferred Income Taxes (Net of Tax Gross Up) (Note J) | F43: =SUM(F41:F42) -> -29784670 | G43: =SUM(G41:G42) -> 1093276.3 | H43: =SUM(H41:H42) -> 279840.72 | I43: =SUM(I41:I42) -> -28411553 | L43: =SUM(L41:L42) -> -6755405.9 | M43: =SUM(M41:M42) -> 247963.98 | N43: =SUM(N41:N42) -> 63470.155 | O43: =SUM(O41:O42) -> -6443971.7
A44: =A43+1 -> 358 | B44: Total Excess/Deficient Deferred Income Taxes Annual Average | D44: 71391959 | I44: =(I41+F41)/2 -> -38528298 | O44: =(O41+L41)/2 -> -8738531.9
A45: =A44+1 -> 359 | B45: Weighted Average EDIT/DDIT Net Plant Allocator | D45: =SUM(D41:D42)-D44 -> 956184 | O45: =O43/I43 -> 0.22680815
A47: Notes:
A48: A | B48: Upon a tax rate change, the Company remeasures its deferred tax assets and liabilities to the new applicable corporate tax rate. The result of this remeasurement is a change in the deferred taxes recorded in accounts 190, 282, and 283 with a corresponding change in regulatory assets or liabilities to reflect the impact to customers. The remeasurement is effectuated mathematically by taking the ADIT balance before the tax rate change and dividing by the prior tax rate to arrive at gross timing differences. Next, the new tax rate is applied against the balance of gross timing differences. The difference in the two results is reclassified from ADIT to regulatory assets/liabilities for deficient/excess ADIT. Accounts 182.3 Regulatory Asset for deficient ADIT and 254 Regulatory Liability for excess ADIT are presented grossed-up for tax purposes as is the amortization. Black Hills Colorado Electric, LLC would follow the process described above to remeasure ADIT balance (increase or decrease) due to any future income tax rate change. See Wkpr A3.2-EDIT-DDIT.dtl for detailed derivation. The FERC Form No. 1 reference in column (a3) will be populated beginning for the twelve months ended December 31, 2021 (2021 FERC Form 1).
A49: A1 | B49: The determination of an item as "Protected" versus "Non-Protected" has been and will be made in accordance with applicable tax code and regulations.
A50: B | B50: Beginning of Year ("BOY") balance is end of Prior Year balance reflected on FERC Form No. 1 p.232/278
A51: C | B51: DDIT or EDIT is reduced in the current period under the prescribed amortization method to account 410.1, Provision for Deferred Income Taxes, Utility Operating Income and 411.1, Provision for Deferred Income Taxes—Credit, Utility Operating Income, respectively.
A52: D | B52: Includes the impact of tax rate changes enacted during the period.
A53: E | B53: End of Year ("EOY") balance is the end of Current Year balance reflected on FERC Form No. 1. p.232/278
A54: F | B54: The "2017 NP" allocation code represents the "NP" allocator applied in formula rate filings for year-ended 2017. This allocation factor is applied to EDIT because it was the allocator in effect in the year in which the Tax Cuts and Jobs Act ("TCJA") was enacted. The 2017 Net Plant allocator must remain fixed and will not be updated each year. In the event the Company populates the data enterable fields for future income tax changes, the Company will support its chosen allocation factor for EDIT or DDIT as just and reasonable in its annual update following a change in tax rates.
A55: G | B55: With respect to Projected Transmission Rate filings, each EDIT/DDIT Item must be categorized into balances that require proration and those that do not. EDIT/DDIT items with a "Plant" Explanation code are generally subject to proration treatment consistent with the proration treatment of plant related ADIT in Account 282.
A56: H | B56: In the event the Company populates the data enterable fields for future income tax changes, the Company will support the data entered as just and reasonable in its annual update following a change in tax rates.
A57: I | B57: Prior to 2021, Black Hills Colorado net its regulatory assets and regulatory liabilities related to deficient deferred income taxes and excess deferred taxes in account 254 or associated subaccounts. Beginning in 2021, regulatory assets for deficient deferred income taxes are in account 182.3 and regulatory liabilities for excess deferred income taxes are in account 254.
A58: J | B58: The net amortization of the regulatory liability for excess deferred income taxes in Account 254 and the associated deferred tax asset in Account 190 is a positive number. The net amortization of the regulatory asset for deficient deferred income taxes in account 182.3 and the associated deferred tax liability in Account 283 is a negative number. The net amortization of excess deferred income taxes reduces income tax expense by the net amortization amount multiplied by (1/(1-T)) on Attachment H. The Excess or Deficient ADIT are amortized to Accounts 410.1 / 411.1.
A59: K | B59: Due to a one time refund in 2021 and for purposes of implementing initial rates, the balances on lines 2 and 202 reflect a one-time refund in 2021 rather than 2020 actuals. This one time adjustment occurred to avoid impacts in future rate years.

Sheet A3.2-EDIT-DDIT.dtl
A1: Worksheet A3.2
A2: (Excess)/Deficient Deferred Income Taxes - FERC Order 864 Worksheet -- Tax Rate Change
A3: Black Hills Colorado Electric, LLC
A4: Actuals - For the 12 months ended 12/31/2024
H5: Prior Year: | I5: 2017
H6: New Tax Rate? | I6: Yes
H7: New Rate: | I7: 0.203805
H8: Tax Gross Up Factor: | I8: 1.3272757
H9: Vintage Name: | I9: 2017 TCJA
B10: (Col 1) | C10: (Col 2) | D10: (Col 3) | E10: (Col 4) | F10: (Col 5) | G10: (Col 6) | H10: (Col 7) | I10: (Col 8)
D11: New Tax Rate Adjustment Calculation
D12: Company Records | E12: Company Records | F12: (C3) x New Rate | G12: = (C4) - (C5) | H12: = (C6) * Tax Gross Up Factor | I12: = (C6) - (C7)
A13: Line | C13: FERC Acct | D13: Accumulated (Taxable) / Deductible Book-to-Tax Differences | E13: Accumulated DIT Balances at Prior Tax Rate | F13: Accumulated DIT Balance at New Tax Rate | G13: (Excess) Deficient Def. Taxes at New Tax Rate | H13: (Excess) Deficient Def. Taxes with Tax Gross Up 182.3 / 254 Acct (Note A) | I13: Deferred Tax Offset (Note B)
A14: 1 | B14: Protected - Property
A15: 2 | B15: Method/Life | C15: 282 | D15: -4.5888965e+08 | E15: -1.5587334e+08 | F15: =+D15*$I$7 -> -93524006 | G15: =+E15-F15 -> -62349337 | H15: =+G15*$I$8 -> -82754757 | I15: =+G15-H15 -> 20405420
A16: 3 | B16: Cost of Removal | C16: 282 | D16: 12501555 | E16: 4246465.9 | F16: =+D16*$I$7 -> 2547879.5 | G16: =+E16-F16 -> 1698586.3 | H16: =+G16*$I$8 -> 2254492.3 | I16: =+G16-H16 -> -555905.95
A17: 4 | B17: Federal NOL | C17: 190 | D17: 1.9581664e+08 | E17: 66514018 | F17: =+D17*$I$7 -> 39908411 | G17: =+E17-F17 -> 26605607 | H17: =+G17*$I$8 -> 35312975 | I17: =+G17-H17 -> -8707367.4
A18: 5 | B18: … | F18: =+D18*$I$7 -> 0 | G18: =+E18-F18 -> 0 | H18: =+G18*$I$8 -> 0 | I18: =+G18-H18 -> 0
A19: 99 | D19: =SUM(D15:D18) -> -2.5057145e+08 | E19: =SUM(E15:E18) -> -85112859 | F19: =SUM(F15:F18) -> -51067715 | G19: =SUM(G15:G18) -> -34045143 | H19: =SUM(H15:H18) -> -45187290 | I19: =SUM(I15:I18) -> 11142146
A21: 100 | B21: Non-Protected - Property
A22: 101 | B22: 1603 Grant | C22: 282 | D22: 3480140.7 | E22: 1182116.8 | F22: =+D22*$I$7 -> 709270.08 | G22: =+E22-F22 -> 472846.72 | H22: =+G22*$I$8 -> 627597.94 | I22: =+G22-H22 -> -154751.22
A23: 102 | B23: 162 Ordinary & Necessary Business Deductions | C23: 282 | D23: -1367948.3 | E23: -464657.83 | F23: =+D23*$I$7 -> -278794.7 | G23: =+E23-F23 -> -185863.13 | H23: =+G23*$I$8 -> -246691.61 | I23: =+G23-H23 -> 60828.478
A24: 103 | B24: 174 Development & Engineering Costs | C24: 282 | D24: -18147933 | E24: -6164399.3 | F24: =+D24*$I$7 -> -3698639.6 | G24: =+E24-F24 -> -2465759.7 | H24: =+G24*$I$8 -> -3272742.8 | I24: =+G24-H24 -> 806983.11
A25: 104 | B25: Construction Work in Progress | C25: 282 | D25: 1890375.3 | E25: 642113.23 | F25: =+D25*$I$7 -> 385267.94 | G25: =+E25-F25 -> 256845.29 | H25: =+G25*$I$8 -> 340904.5 | I25: =+G25-H25 -> -84059.21
A26: 105 | B26: Construction Period Interest | C26: 282 | D26: 252398.56 | E26: 85733.481 | F26: =+D26*$I$7 -> 51440.089 | G26: =+E26-F26 -> 34293.392 | H26: =+G26*$I$8 -> 45516.785 | I26: =+G26-H26 -> -11223.392
A27: 106 | B27: Contribution in Aid of Construction | C27: 282 | D27: 22703548 | E27: 7711827.6 | F27: =+D27*$I$7 -> 4627096.6 | G27: =+E27-F27 -> 3084731.1 | H27: =+G27*$I$8 -> 4094288.4 | I27: =+G27-H27 -> -1009557.4
A28: =A27+1 -> 107 | B28: Tax Repairs Deduction | C28: 282 | D28: -35693416 | E28: -12124161 | F28: =+D28*$I$7 -> -7274496.6 | G28: =+E28-F28 -> -4849664.4 | H28: =+G28*$I$8 -> -6436841.5 | I28: =+G28-H28 -> 1587177.1
A29: =A28+1 -> 108 | B29: Capitalization of Overhead | C29: 282 | D29: -21027219 | E29: -7142420.7 | F29: =+D29*$I$7 -> -4285452.4 | G29: =+E29-F29 -> -2856968.3 | H29: =+G29*$I$8 -> -3791984.5 | I29: =+G29-H29 -> 935016.16
A30: =A29+1 -> 109 | B30: … | F30: =+D30*$I$7 -> 0 | G30: =+E30-F30 -> 0 | H30: =+G30*$I$8 -> 0 | I30: =+G30-H30 -> 0
A31: 199 | D31: =SUM(D22:D30) -> -47910054 | E31: =SUM(E22:E30) -> -16273848 | F31: =SUM(F22:F30) -> -9764308.6 | G31: =SUM(G22:G30) -> -6509539.1 | H31: =SUM(H22:H30) -> -8639952.7 | I31: =SUM(I22:I30) -> 2130413.6
A33: 200 | B33: Total Property Related (= L99 + L199) | D33: =+D19+D31 -> -2.9848151e+08 | E33: =+E19+E31 -> -1.0138671e+08 | F33: =+F19+F31 -> -60832024 | G33: =+G19+G31 -> -40554682 | H33: =+H19+H31 -> -53827243 | I33: =+I19+I31 -> 13272560
A35: 300 | B35: Non-Protected - Non-Property
A36: 301 | B36: Accrued Vacation | C36: 190 | D36: 186258.31 | E36: 63267.291 | F36: =+D36*$I$7 -> 37960.375 | G36: =+E36-F36 -> 25306.917 | H36: =+G36*$I$8 -> 33589.254 | I36: =+G36-H36 -> -8282.3376
A37: 302 | B37: Bad Debt Reserve | C37: 190 | D37: 7766143.4 | E37: 2637964.7 | F37: =+D37*$I$7 -> 1582778.8 | G37: =+E37-F37 -> 1055185.9 | H37: =+G37*$I$8 -> 1400522.5 | I37: =+G37-H37 -> -345336.65
A38: 303 | B38: Deferred Rate Case | C38: 283 | D38: -378023.27 | E38: -128405.05 | F38: =+D38*$I$7 -> -77043.033 | G38: =+E38-F38 -> -51362.022 | H38: =+G38*$I$8 -> -68171.561 | I38: =+G38-H38 -> 16809.539
A39: 304 | B39: Employee Compensation | C39: 190 | D39: 530487.2 | E39: 180193.24 | F39: =+D39*$I$7 -> 108115.94 | G39: =+E39-F39 -> 72077.296 | H39: =+G39*$I$8 -> 95666.44 | I39: =+G39-H39 -> -23589.144
A40: 305 | B40: Employee Group Insurance | C40: 190 | D40: 128516.5 | E40: 43653.842 | F40: =+D40*$I$7 -> 26192.305 | G40: =+E40-F40 -> 17461.537 | H40: =+G40*$I$8 -> 23176.273 | I40: =+G40-H40 -> -5714.7358
A41: 306 | B41: Insurance Reserve | C41: 190 | D41: 20319.93 | E41: 6902.1722 | F41: =+D41*$I$7 -> 4141.3033 | G41: =+E41-F41 -> 2760.8689 | H41: =+G41*$I$8 -> 3664.434 | I41: =+G41-H41 -> -903.56516
A42: 307 | B42: Line Extension Deposits | C42: 190 | D42: 2992922.6 | E42: 1016621 | F42: =+D42*$I$7 -> 609972.58 | G42: =+E42-F42 -> 406648.39 | H42: =+G42*$I$8 -> 539734.5 | I42: =+G42-H42 -> -133086.12
A43: 308 | B43: Pension | C43: 283 | D43: -9890835.7 | E43: -3359669.6 | F43: =+D43*$I$7 -> -2015801.8 | G43: =+E43-F43 -> -1343867.9 | H43: =+G43*$I$8 -> -1783683.1 | I43: =+G43-H43 -> 439815.22
A44: 309 | B44: Performance Plan | C44: 190 | D44: 10088.17 | E44: 3426.6991 | F44: =+D44*$I$7 -> 2056.0195 | G44: =+E44-F44 -> 1370.6797 | H44: =+G44*$I$8 -> 1819.2697 | I44: =+G44-H44 -> -448.59008
A45: 310 | B45: Power Plant Maintenance | C45: 190 | D45: 859042.77 | E45: 291795.35 | F45: =+D45*$I$7 -> 175077.21 | G45: =+E45-F45 -> 116718.14 | H45: =+G45*$I$8 -> 154917.15 | I45: =+G45-H45 -> -38199.006
A46: 311 | B46: Prepaid Expenses | C46: 283 | D46: -985985.08 | E46: -334914.48 | F46: =+D46*$I$7 -> -200948.69 | G46: =+E46-F46 -> -133965.79 | H46: =+G46*$I$8 -> -177809.53 | I46: =+G46-H46 -> 43843.742
A47: 312 | B47: PUC Fees | C47: 190 | D47: 465927.65 | E47: 158263.97 | F47: =+D47*$I$7 -> 94958.385 | G47: =+E47-F47 -> 63305.59 | H47: =+G47*$I$8 -> 84023.968 | I47: =+G47-H47 -> -20718.378
... A50: 315 | B50: Workman's Compensation | C50: 190 | D50: 364754.71 | E50: 123898.06 | F50: =+D50*$I$7 -> 74338.834 | G50: =+E50-F50 -> 49559.222 | H50: =+G50*$I$8 -> 65778.749 | I50: =+G50-H50 -> -16219.527
A51: 316 | B51: … | F51: =+D51*$I$7 -> 0 | G51: =+E51-F51 -> 0 | H51: =+G51*$I$8 -> 0 | I51: =+G51-H51 -> 0
A52: 400 | B52: Total Non-Property Related | D52: =SUM(D36:D51) -> 6629514.1 | E52: =SUM(E36:E51) -> 2251880.2 | F52: =SUM(F36:F51) -> 1351128.1 | G52: =SUM(G36:G51) -> 900752.08 | H52: =SUM(H36:H51) -> 1195546.3 | I52: =SUM(I36:I51) -> -294794.22
E53: =+E32+E51 -> 0
A54: 500 | B54: Grand Total (= L200 + L400) | D54: =+D33+D52 -> -2.9185199e+08 | E54: =+E33+E52 -> -99134826 | F54: =+F33+F52 -> -59480896 | G54: =+G33+G52 -> -39653930 | H54: =+H33+H52 -> -52631696 | I54: =+I33+I52 -> 12977766
A56: Notes:
A57: A | B57: Positive figures represent deficient deferred income tax regulatory assets, whereas negative figures represent excess deferred income tax regulatory liabilities. The Company presents the accounts grossed up for taxes with an offsetting deferred tax item to reflect the gross up.
A58: B | B58: The deferred tax offset may be an asset or liability depending on the character of the regulatory item. A regulatory liability is a temporary difference for which a deferred tax asset is recognized in Account 190. A regulatory asset is a temporary difference for which a deferred tax liability is recognized in account 283.

Sheet DT By OI
A1: Def Tax Accounts w/ Open Items | B1: 91
A2: Unit | B2: Account | C2: Account Descr | D2: Open Item Key | E2: Descr | F2: Sum Amount | G2: Filter
A3: 50507 | B3: 190300 | C3: DEFERRED TAX ASSET - INCLUDE | D3: DT1000 | E3: VACATION | F3: 95291.46 | G3: 0
A4: 50507 | B4: 190300 | C4: DEFERRED TAX ASSET - INCLUDE | D4: DT1010 | E4: BAD DEBT RESERVE | F4: 1797599.1 | G4: Bad Debt Reserve
A5: 50507 | B5: 190300 | C5: DEFERRED TAX ASSET - INCLUDE | D5: DT1020 | E5: EE GROUP INSURANCE | F5: 36098.3 | G5: 0
A6: 50507 | B6: 190300 | C6: DEFERRED TAX ASSET - INCLUDE | D6: DT1030 | E6: BONUS | F6: 166915.52 | G6: 0
A7: 50507 | B7: 190300 | C7: DEFERRED TAX ASSET - INCLUDE | D7: DT1031 | E7: STIP Bonus | F7: 0.01
A8: 50507 | B8: 190300 | C8: DEFERRED TAX ASSET - INCLUDE | D8: DT1050 | E8: WORKERS COMP | F8: 165118.53 | G8: 0
A9: 50507 | B9: 190300 | C9: DEFERRED TAX ASSET - INCLUDE | D9: DT1108 | E9: PRODUCTION TAX CREDIT | F9: 37302634 | G9: Production Tax Credits
A10: 50507 | B10: 190300 | C10: DEFERRED TAX ASSET - INCLUDE | D10: DT1180 | E10: PTC VALUATION ALLOWANCE | F10: -335926
A11: 50507 | B11: 190300 | C11: DEFERRED TAX ASSET - INCLUDE | D11: DT1500 | E11: STATE INC TAX INCLUDE | F11: 2510724.5 | G11: Equity AFUDC
A12: 50507 | B12: 190300 | C12: DEFERRED TAX ASSET - INCLUDE | D12: DT2020 | E12: RETIREE HEALTHCARE | F12: 0.03
A13: 50507 | B13: 190300 | C13: DEFERRED TAX ASSET - INCLUDE | D13: DT2092 | E13: FAS 109 OTHER | F13: 7904138.4 | G13: 0
A14: 50507 | B14: 190300 | C14: DEFERRED TAX ASSET - INCLUDE | D14: DT2094 | E14: TAX ON TAX GROSS-UP_STATE | F14: 1306248.6 | G14: 0
A15: 50507 | B15: 190300 | C15: DEFERRED TAX ASSET - INCLUDE | D15: DT2095 | E15: TAX ON TAX FED GROSS-UP ON EDS | F15: -1944082.4 | G15: 0
A16: 50507 | B16: 190300 | C16: DEFERRED TAX ASSET - INCLUDE | D16: DT3010 | E16: PERFORMANCE PLAN | F16: -0.53
A17: 50507 | B17: 190300 | C17: DEFERRED TAX ASSET - INCLUDE | D17: DT3020 | E17: STATE NOL | F17: 4265031.6 | G17: 0
A18: 50507 | B18: 190300 | C18: DEFERRED TAX ASSET - INCLUDE | D18: DT3075 | E18: LINE EXTENSION DEP ELEC | F18: 2024946.8 | G18: Line Extension Deposit
A19: 50507 | B19: 190300 | C19: DEFERRED TAX ASSET - INCLUDE | D19: DT3090 | E19: PENSION FAS 87 | F19: -1546323.1 | G19: 0
A20: 50507 | B20: 190300 | C20: DEFERRED TAX ASSET - INCLUDE | D20: DT4098 | E20: DEFERRED REGULATORY | F20: 4731769.6 | G20: Deferred Regulatory
A21: 50507 | B21: 190300 | C21: DEFERRED TAX ASSET - INCLUDE | D21: DT4120 | E21: PENSION FAS 158 LIAB | F21: 2840614.5 | G21: 0
A22: 50507 | B22: 190300 | C22: DEFERRED TAX ASSET - INCLUDE | D22: DT4125 | E22: RET HLTH FAS158 LIAB | F22: -440545.05 | G22: Retiree Healthcare
A23: 50507 | B23: 190300 | C23: DEFERRED TAX ASSET - INCLUDE | D23: DT4130 | E23: FAS 106 RETIREE LIAB | F23: 774635.61 | G23: Retiree Healthcare
A24: 50507 | B24: 190300 | C24: DEFERRED TAX ASSET - INCLUDE | D24: DT4135 | E24: INS RESERVE LIAB | F24: 0.05 | G24: 0
A25: 50507 | B25: 190300 | C25: DEFERRED TAX ASSET - INCLUDE | D25: DT4165 | E25: NOL CARRYFORWARD | F25: 9930015.2 | G25: 0
A26: 50507 | B26: 190300 | C26: DEFERRED TAX ASSET - INCLUDE | D26: DT4175 | E26: REG RESA RIDER ASSET | F26: -0.28 | G26: Renewable Energy Standard Rider
A27: 50507 | B27: 190300 | C27: DEFERRED TAX ASSET - INCLUDE | D27: DT4415 | E27: ALTERNATIVE FUEL VEHICLE CREDI | F27: 7860 | G27: Alternative Fuel Vehicle Tax Credit
A28: 50507 | B28: 190300 | C28: DEFERRED TAX ASSET - INCLUDE | D28: DT4430 | E28: RESEARCH AND DEV CREDIT | F28: 2784534.7 | G28: Federal Research and Development Tax Credits
A29: 50507 | B29: 190300 | C29: DEFERRED TAX ASSET - INCLUDE | D29: DT4445 | E29: STATE TAX CREDITS - R&D | F29: 179705 | G29: State Research and Development Tax Credits
A30: 50507 | B30: 190300 | C30: DEFERRED TAX ASSET - INCLUDE | D30: DT4466 | E30: PUC FEES | F30: 369086.1 | G30: PUC Fees
A31: 50507 | B31: 190301 | C31: DEFERRED TAX ASSET - EXCLUDE | D31: DT1030 | E31: BONUS | F31: -0.02 | G31: 0
A32: 50507 | B32: 190301 | C32: DEFERRED TAX ASSET - EXCLUDE | D32: DT1031 | E32: STIP Bonus | F32: 0.37
A33: 50507 | B33: 190301 | C33: DEFERRED TAX ASSET - EXCLUDE | D33: DT1032 | E33: AIP Bonus | F33: -0.18
A34: 50507 | B34: 190301 | C34: DEFERRED TAX ASSET - EXCLUDE | D34: DT1053 | E34: STATE TAX CREDITS - ITC | F34: 12505554 | G34: State Investment Tax Credits
A35: 50507 | B35: 190301 | C35: DEFERRED TAX ASSET - EXCLUDE | D35: DT1510 | E35: STATE INC TAX EXCLUDE | F35: 257780.06 | G35: State ADIT Exclude
A36: 50507 | B36: 190301 | C36: DEFERRED TAX ASSET - EXCLUDE | D36: DT3020 | E36: STATE NOL | F36: -3786418.1 | G36: 0
A37: 50507 | B37: 190301 | C37: DEFERRED TAX ASSET - EXCLUDE | D37: DT3060 | E37: FAS 143 (ARO) | F37: 1489189.3 | G37: Asset Retirement Obligation
A38: 50507 | B38: 190301 | C38: DEFERRED TAX ASSET - EXCLUDE | D38: DT4110 | E38: OTHER REGULATORY LIABILITIES | F38: -0.02
A39: 50507 | B39: 190301 | C39: DEFERRED TAX ASSET - EXCLUDE | D39: DT4156 | E39: OPERATING_LEASE | F39: 127535.73 | G39: Operating Leases
A40: 50507 | B40: 190301 | C40: DEFERRED TAX ASSET - EXCLUDE | D40: DT4165 | E40: NOL CARRYFORWARD | F40: -3406687.5 | G40: 0
A41: 50507 | B41: 190301 | C41: DEFERRED TAX ASSET - EXCLUDE | D41: DT4180 | E41: ST RATE REFUND LIAB | F41: -0.31 | G41: Rate Refund
A42: 50507 | B42: 190301 | C42: DEFERRED TAX ASSET - EXCLUDE | D42: DT4300 | E42: STATE TAX CREDITS VA | F42: -6604046.2 | G42: State Investment Tax Credits
A43: 50507 | B43: 190301 | C43: DEFERRED TAX ASSET - EXCLUDE | D43: DT4310 | E43: STATE ITC | F43: 137873.68 | G43: State Investment Tax Credits
A44: 50507 | B44: 190301 | C44: DEFERRED TAX ASSET - EXCLUDE | D44: DT4320 | E44: STATE ITC FED EFF | F44: 871287.88 | G44: State Investment Tax Credits
A45: 50507 | B45: 190301 | C45: DEFERRED TAX ASSET - EXCLUDE | D45: DT4325 | E45: STATE ITC FAS 109 | F45: 44682.15 | G45: State Investment Tax Credits
A46: 50507 | B46: 190301 | C46: DEFERRED TAX ASSET - EXCLUDE | D46: DT4400 | E46: FED EFF STATE FIN 48 | F46: 0.1
A47: 50507 | B47: 190998 | C47: SVC CO DEF TX ASSET LT | D47: DT2092 | E47: FAS 109 OTHER | F47: 123983.13 | G47: 0
A48: 50507 | B48: 190999 | C48: DEFERRED TAX ASSET LT - FERC | D48: DT1059 | E48: STATE OTHER PROPERTY LT | F48: 17304.91 | G48: 0
A49: 50507 | B49: 190999 | C49: DEFERRED TAX ASSET LT - FERC | D49: DT4062 | E49: ACCELERATED DEPRECIATION ELEC | F49: 82918.87 | G49: 0
A50: 50507 | B50: 190999 | C50: DEFERRED TAX ASSET LT - FERC | D50: DT4400 | E50: FED EFF STATE FIN 48 | F50: 0.17
A51: 50507 | B51: 282300 | C51: DEF TAX LIAB PROP - INCLUDE | D51: DT1059 | E51: STATE OTHER PROPERTY LT | F51: -25950679 | G51: 0
A52: 50507 | B52: 282300 | C52: DEF TAX LIAB PROP - INCLUDE | D52: DT1530 | E52: STATE OTHER | F52: 231903.8 | G52: State ADIT Exclude
A53: 50507 | B53: 282300 | C53: DEF TAX LIAB PROP - INCLUDE | D53: DT4062 | E53: ACCELERATED DEPRECIATION ELEC | F53: -1.1921517e+08 | G53: 0
A54: 50507 | B54: 282300 | C54: DEF TAX LIAB PROP - INCLUDE | D54: DT4094 | E54: OTHER PROPERTY | F54: -26621.75 | G54: 0
A55: 50507 | B55: 282300 | C55: DEF TAX LIAB PROP - INCLUDE | D55: DT4097 | E55: CWIP | F55: 1084735.7 | G55: CWIP
A56: 50507 | B56: 282301 | C56: DEF TAX LIAB PROP - EXCLUDE | D56: DT1510 | E56: STATE INC TAX EXCLUDE | F56: 762268.81 | G56: State ADIT Exclude
A57: 50507 | B57: 282301 | C57: DEF TAX LIAB PROP - EXCLUDE | D57: DT1530 | E57: STATE OTHER | F57: -1720.8 | G57: State ADIT Exclude
A58: 50507 | B58: 282301 | C58: DEF TAX LIAB PROP - EXCLUDE | D58: DT4069 | E58: ACCEL DEPREC GAAP | F58: -7851.01 | G58: Regulatory Asset
A59: 50507 | B59: 282301 | C59: DEF TAX LIAB PROP - EXCLUDE | D59: DT4145 | E59: APPRAISAL ADJ LIAB | F59: 3478023.7 | G59: Like Kind Exchange
A60: 50507 | B60: 282301 | C60: DEF TAX LIAB PROP - EXCLUDE | D60: DT4360 | E60: FIXED ASSET - DRY HOLES | F60: -37248.27 | G60: EDIT Exclude
A61: 50507 | B61: 282302 | C61: DEF TAX LIAB PROP - FLOW THRU | D61: DT1500 | E61: STATE INC TAX INCLUDE | F61: -30342.08 | G61: Equity AFUDC
A62: 50507 | B62: 282302 | C62: DEF TAX LIAB PROP - FLOW THRU | D62: DT1530 | E62: STATE OTHER | F62: 93.98 | G62: State ADIT Exclude
A63: 50507 | B63: 282302 | C63: DEF TAX LIAB PROP - FLOW THRU | D63: DT4065 | E63: FAS 109 EQUITY AFUDC | F63: -127834.45 | G63: Equity AFUDC
A64: 50507 | B64: 282302 | C64: DEF TAX LIAB PROP - FLOW THRU | D64: DT4097 | E64: CWIP | F64: 0.07 | G64: CWIP
A65: 50507 | B65: 282998 | C65: SVC CO DEF TX LIAB PROP LT | D65: DT1500 | E65: STATE INC TAX INCLUDE | F65: -431907.15 | G65: Equity AFUDC
A66: 50507 | B66: 282998 | C66: SVC CO DEF TX LIAB PROP LT | D66: DT4060 | E66: DEPRECIATION | F66: -1970674.7 | G66: 0
A67: 50507 | B67: 283300 | C67: DEFERRED TAX LIAB - INCLUDE | D67: DT1500 | E67: STATE INC TAX INCLUDE | F67: -250939.81 | G67: Equity AFUDC
A68: 50507 | B68: 283300 | C68: DEFERRED TAX LIAB - INCLUDE | D68: DT2021 | E68: REG RETIREE HEALTHCARE ASSET | F68: 0.01
A69: 50507 | B69: 283300 | C69: DEFERRED TAX LIAB - INCLUDE | D69: DT3018 | E69: FED EFFECT OF STATE NOL | F69: -895656.64 | G69: 0
A70: 50507 | B70: 283300 | C70: DEFERRED TAX LIAB - INCLUDE | D70: DT4040 | E70: PREPAID EXPENSES | F70: -335666.81 | G70: 0
A71: 50507 | B71: 283300 | C71: DEFERRED TAX LIAB - INCLUDE | D71: DT4150 | E71: LT RATE CASE ASSET | F71: -0.44 | G71: Rate Case Expenses
A72: 50507 | B72: 283300 | C72: DEFERRED TAX LIAB - INCLUDE | D72: DT4155 | E72: REG PSC PENSION ASSET | F72: -0.04
A73: 50507 | B73: 283301 | C73: DEFERRED TAX LIAB - EXCLUDE | D73: DT1099 | E73: OTHER | F73: -1014963.2 | G73: Deferred Tax Asset - Other
A74: 50507 | B74: 283301 | C74: DEFERRED TAX LIAB - EXCLUDE | D74: DT1510 | E74: STATE INC TAX EXCLUDE | F74: -10282123 | G74: State ADIT Exclude
A75: 50507 | B75: 283301 | C75: DEFERRED TAX LIAB - EXCLUDE | D75: DT3018 | E75: FED EFFECT OF STATE NOL | F75: 795147.81 | G75: 0
A76: 50507 | B76: 283301 | C76: DEFERRED TAX LIAB - EXCLUDE | D76: DT4098 | E76: DEFERRED REGULATORY | F76: 127279.58 | G76: Deferred Regulatory
A77: 50507 | B77: 283301 | C77: DEFERRED TAX LIAB - EXCLUDE | D77: DT4100 | E77: GAIN DEFERRAL | F77: -4051555.3 | G77: Like Kind Exchange
A78: 50507 | B78: 283301 | C78: DEFERRED TAX LIAB - EXCLUDE | D78: DT4156 | E78: OPERATING_LEASE | F78: -96199.16 | G78: Operating Leases
A79: 50507 | B79: 283301 | C79: DEFERRED TAX LIAB - EXCLUDE | D79: DT4185 | E79: WINTER STORM URI | F79: 0.02 | G79: Winter Storm Uri
A80: 50507 | B80: 283301 | C80: DEFERRED TAX LIAB - EXCLUDE | D80: DT4201 | E80: LT REG OTHER ASSET | F80: 0.14
A81: 50507 | B81: 283301 | C81: DEFERRED TAX LIAB - EXCLUDE | D81: DT4205 | E81: SEVERANCE | F81: -495699.47 | G81: Severance
A82: 50507 | B82: 283301 | C82: DEFERRED TAX LIAB - EXCLUDE | D82: DT4220 | E82: REG ENGY EFF ASSET | F82: -0.15 | G82: Regulatory Asset
A83: 50507 | B83: 283301 | C83: DEFERRED TAX LIAB - EXCLUDE | D83: DT4225 | E83: REG ACCR FAC ELEC | F83: -0.41
A84: 50507 | B84: 283301 | C84: DEFERRED TAX LIAB - EXCLUDE | D84: DT4230 | E84: GOODWILL AMORT | F84: -41311783 | G84: Goodwill
A85: 50507 | B85: 283301 | C85: DEFERRED TAX LIAB - EXCLUDE | D85: DT4265 | E85: REG ASSET ARO LIABILITY | F85: -71601.65 | G85: Asset Retirement Obligation
A86: 50507 | B86: 283301 | C86: DEFERRED TAX LIAB - EXCLUDE | D86: DT4305 | E86: FED EFF OF STATE CREDITS | F86: -1277054.7 | G86: State Investment Tax Credits
A87: 50507 | B87: 283301 | C87: DEFERRED TAX LIAB - EXCLUDE | D87: DT4320 | E87: STATE ITC FED EFF | F87: -28953.42 | G87: State Investment Tax Credits
A88: 50507 | B88: 283301 | C88: DEFERRED TAX LIAB - EXCLUDE | D88: DT4330 | E88: STATE ITC FAS 109 FED EFF | F88: -9383.78 | G88: State Investment Tax Credits
A89: 50507 | B89: 283301 | C89: DEFERRED TAX LIAB - EXCLUDE | D89: DT4360 | E89: FIXED ASSET - DRY HOLES | F89: 37248.27 | G89: EDIT Exclude
A90: 50507 | B90: 283302 | C90: DEFERRED TAX LIAB - FLOW THRU | D90: DT1500 | E90: STATE INC TAX INCLUDE | F90: -9810.04 | G90: Equity AFUDC
A91: 50507 | B91: 283302 | C91: DEFERRED TAX LIAB - FLOW THRU | D91: DT4065 | E91: FAS 109 EQUITY AFUDC | F91: -41428.91 | G91: Equity AFUDC
A92: 50507 | B92: 283999 | C92: GAAP TO FERC DEFTX LIAB STATE | D92: DT3022 | E92: STATE NOL – UTP | F92: -17305.53 | G92: 0
A93: 50507 | B93: 283999 | C93: GAAP TO FERC DEFTX LIAB STATE | D93: DT4166 | E93: NOL CARRYFORWARD – UTP | F93: -82919.48 | G93: 0
C96: Row Labels | D96: Sum of Sum Amount
C97: Alternative Fuel Vehicle Tax Credit | D97: 7860
C98: Asset Retirement Obligation | D98: 1417587.6
C99: Bad Debt Reserve | D99: 1797599.1
C100: CWIP | D100: 1084735.7
C101: Deferred Regulatory | D101: 4859049.2
C102: Deferred Tax Asset - Other | D102: -1014963.2
...

Sheet FF1 to A3.1 Tie Out
A4: Black Hills Colorado Electric, LLC
A5: Actuals - For the 12 months ended 12/31/2023
B7: Account | C7: FERC Form 1 Ref | E7: 45291 | G7: 45657
A9: NOL Deficient Deferred Income Taxes ("DDIT") | B9: 182.3 | C9: FF1 Pg 232 | D9: Line 10 | E9: =40589421-1623574 -> 38965847 | G9: ='182392 12.31.2024'!E14-'182392 12.31.2024'!E10 -> 38002704
A10: COR Deficient Deferred Income Taxes ("DDIT") | E10: 1623574 | G10: ='182392 12.31.2024'!E10 -> 1595021
A11: Exclude State DDIT from Formula Rate due to change in state blended tax rate to statutory | E11: -8634821 | G11: =-'182392 12.31.2024'!E17 -> -8301617
A12: FERC Formula DDIT per A3.1 | E12: =SUM(E9:E11) -> 31954600 | G12: =SUM(G9:G11) -> 31296108
A13: Check | E13: =E12-'A3.1-EDIT-DDIT'!F26-'A3.1-EDIT-DDIT'!F27 -> -1 | G13: =G12-'A3.1-EDIT-DDIT'!I26-'A3.1-EDIT-DDIT'!I27 -> -1
A20: Protected Property Excess Deferred Income Taxes ("EDIT") | B20: 254 | C20: FF1 Pg 278 | D20: Line 3 | E20: ='254015 12.31.2024'!B10+'254015 12.31.2024'!B9+'254015 12.31.2024'!B13 -> -72322677 | G20: ='254015 12.31.2024'!E11+'254015 12.31.2024'!E13 -> -69848712
A21: Non-Protected Property Excess Deferred Income Taxes ("EDIT") | B21: 254 | C21: FF1 Pg 278 | D21: Line 4 | E21: ='254015 12.31.2024'!B14 -> -25456.22 | G21: ='254015 12.31.2024'!E14 -> -22808.57
A22: Exclude State EDIT from Formula Rate due to change in state blended tax rate to statutory | E22: 956174 | G22: =-'254015 12.31.2024'!E9 -> 956174.14
A23: FERC Formula EDIT per A3.1 | E23: =SUM(E20:E22) -> -71391960 | G23: =SUM(G20:G22) -> -68915346
A24: Check | E24: =E23-'A3.1-EDIT-DDIT'!F24-'A3.1-EDIT-DDIT'!F28 -> -1 | G24: =G23-'A3.1-EDIT-DDIT'!I24-'A3.1-EDIT-DDIT'!I28 -> 7.1522663e-09

Sheet 254015 12.31.2024
A1: Balances By GL Account
A2: All Accounts
A3: 2024 Master Case (PS9) - RL
A4: BH Colorado Electric Oper Co
A5: For the Months of: January - 12.5 OCI Adjust
B6: Beg Balance For_x000D_ January | C6: Activity For_x000D_ January - 12.5 OCI Adjust | D6: YTD Ending_x000D_ 12.5 OCI Adjust | E6: End Balance For_x000D_ 12.5 OCI Adjust
A7: Account
A8: 254015
A9: 254015.DT1500 REG LIAB EXCESS DEF STATE | B9: -956174.14 | C9: 0 | D9: 0 | E9: -956174.14
A10: 254015.DT5000 REG LIAB EXCESS DEF PROT PROPERTY | B10: -70688536 | C10: 2359517 | D10: 2359517 | E10: -68329019
A11: Total For 254015: | B11: -71644710 | C11: 2359517 | D11: 2359517 | E11: -69285193
A12: 254998
A13: 254998.DT5000 SVC CO REG LIAB EDIT PROT PROPERTY | B13: -677967.41 | C13: 114448.27 | D13: 114448.27 | E13: -563519.14
A14: 254998.DT5001 SVC CO REG LIAB EDIT NONPROT PROP | B14: -25456.22 | C14: 2647.65 | D14: 2647.65 | E14: -22808.57
A15: Total For 254998: | B15: -703423.63 | C15: 117095.92 | D15: 117095.92 | E15: -586327.71
A16: Total For BH Colorado Electric Oper Co: | B16: -72348134 | C16: 2476613 | D16: 2476613 | E16: -69871521
A17: Rpt # Tax Accrual - 51040 | B17: 45719 | C17: 0.59971065
A20: DT5000 | B20: Fed Protected Plant | E20: =E10+E13 -> -68892538 | F20: {=REPLACE(CELL("address",'A3.1-EDIT-DDIT'!I24),1,FIND("]",CELL("address",'A3.1-EDIT-DDIT'!I24)),"")} -> A3.1-EDIT-DDIT'!$I$24

Sheet 182392 12.31.2024
A1: Balances By GL Account
A2: All Accounts
A3: 2024 Master Case (PS9) - RL
A4: BH Colorado Electric Oper Co
A5: For the Months of: 11.5 Proposed Entry - 12.5 OCI Adjust
B6: Beg Balance For_x000D_ 11.5 Proposed Entry | C6: Activity For_x000D_ 11.5 Proposed Entry - 12.5 OCI Adjust | D6: YTD Ending_x000D_ 12.5 OCI Adjust | E6: End Balance For_x000D_ 12.5 OCI Adjust
A7: Account
A8: 182392
A9: 182392.DT1500 REG ASSET EXCESS DEF STATE | B9: 8330207 | C9: -28590 | D9: -333203 | E9: 8301617
A10: 182392.DT5001 REG ASSET EXCESS DEF NONPROT PROP | B10: 1623779 | C10: -28759 | D10: -28554 | E10: 1595021
A11: 182392.DT5002 REG ASSET EXCESS DEF NONPROT NOL | B11: 30101590 | C11: -142314 | D11: -613970 | E11: 29959276
A12: 182392.DT5005 REG ASSET EXCESS DEF NONREFUND ARAM | B12: -258188 | C12: 0 | D12: -15968 | E12: -258188
A13: Total For 182392: | B13: 39797388 | C13: -199663 | D13: -991696 | E13: 39597725
A14: Total For BH Colorado Electric Oper Co: | B14: 39797388 | C14: -199663 | D14: -991696 | E14: 39597725
A15: Rpt # Tax Accrual - 51040 | B15: 45768 | C15: 0.42677083
C17: Total State | E17: =E9 -> 8301617
C19: Total Fed | E19: =E14-E17 -> 31296108
A21: DT5000 | B21: Fed Protected Plant | E21: 0
A22: DT5002 | B22: Fed NOL DDFIT | E22: =E11 -> 29959276 | F22: =E22+E24 -> 29701088 | G22: {=REPLACE(CELL("address",'A3.1-EDIT-DDIT'!I26),1,FIND("]",CELL("address",'A3.1-EDIT-DDIT'!I26)),"")} -> A3.1-EDIT-DDIT'!$I$26
A23: DT5001 | B23: Fed Non Protected Plant | E23: =E10 -> 1595021
A24: DT5005 | B24: Non Refunded ARAM | E24: =E12 -> -258188 | F24: Should go against NOL
A25: DT5004 | B25: Fed Non Protected Non Prop | E25: 0
B27: Total TCJA EDIT | E27: =SUM(E21:E25) -> 31296109

Sheet 2024 ARAM and 2023 True Up
A6: Total Protected Plant EDIT Docket | C6: -80585039
A7: Total Protected NOL DDIT EDIT Docket | C7: 35676736
H8: 2023 BHSC ARAM | P8: 2024 BHSC ARAM | R8: Total Refund in 202412
B9: 2022 Actuals | C9: 2022 Est | D9: 2022 True Up | F9: 2023 Est | J9: 2023 Actuals | L9: 2023 True Up | N9: 2024 Est
B10: Tax Return | C10: Q4 Provision | J10: Tax Return
B11: 479 | C11: 471 | F11: -30 | J11: ='Report 260 2023 TR'!I8 -> -30 | N11: ='Report 260 2024 Q4 Prov.'!I8 -> 21565
A12: Non-Protected DDIT | B12: =B16 -> 1.3240824 | C12: =C16 -> 1.3240824 | F12: =F16 -> 1.3240824 | J12: 1.3240824 | N12: 1.3240824
B13: =B11*B12 -> 634.23547 | C13: =C11*C12 -> 623.64282 | F13: =F11*F12 -> -39.722472 | J13: =J11*J12 -> -39.722472 | L13: =J13-F13 -> 0 | N13: =N11*N12 -> 28553.837 | R13: =H13+J13+N13 -> 28514.115
A15: Protected ARAM before Gross Up | B15: -1897713 | C15: -1970243 | F15: -1829764 | J15: ='Report 260 2023 TR'!K10 -> -1841824 | N15: ='Report 260 2024 Q4 Prov.'!K10 -> -1822799
A16: Tax Gross Up Factor | B16: =B35 -> 1.3240824 | C16: =$C35 -> 1.3240824 | F16: =$F35 -> 1.3240824 | J16: 1.3240824 | N16: =$F35 -> 1.3240824
A17: Protected EDIT | B17: =B15*B16 -> -2512728.4 | C17: =C15*C16 -> -2608764.1 | D17: =B17-C17 -> 96035.697 | F17: =F15*F16 -> -2422758.3 | H17: ='BHSC SC ARAM 2023'!I49 -> -128417.84 | J17: =J15*J16 -> -2438726.8 | L17: =J17-F17 -> -15968.434 | N17: =N15*N16 -> -2413536.1 | P17: ='BHSC SC ARAM 2024'!I54 -> -119563.88 | R17: =L17+N17+P17 -> -2549068.4
A18: NPP EDIT | F18: =F16*F17 -> -3207931.7 | H18: ='BHSC SC ARAM 2023'!I50 -> -108.6909 | P18: ='BHSC SC ARAM 2024'!I55 -> -2627.7392 | R18: =L18+N18+P18 -> -2627.7392
A19: NOL | B19: =B17/C6*C7 -> 1112439.1 | C19: =C17/$C6*$C7 -> 1154956.2 | D19: =B19-C19 -> -42517.077 | F19: =F17/$C6*$C7 -> 1072607.4 | J19: =J17/$C6*$C7 -> 1079677 | L19: =J19-F19 -> 7069.5704 | N19: =N17/$C6*$C7 -> 1068524.5 | R19: =H19+L19+N19 -> 1075594.1
A20: Net | B20: =SUM(B17:B19) -> -1400289.3 | C20: =SUM(C17:C19) -> -1453807.9 | D20: =B20-C20 -> 53518.621 | F20: =SUM(F17:F19) -> -4558082.6 | R20: =D20+F20 -> -4504564
A30: State Rate | B30: 0.044 | C30: 0.044 | F30: 0.044
A31: Federal Rate | B31: 0.21 | C31: 0.21 | F31: 0.21
A32: Fed Effect State | B32: =-B30*B31 -> -0.00924 | C32: =-C30*C31 -> -0.00924 | F32: =-F30*F31 -> -0.00924
A33: Combined rate | B33: =SUM(B30:B32) -> 0.24476 | C33: =SUM(C30:C32) -> 0.24476 | F33: =SUM(F30:F32) -> 0.24476
A35: Gross up rate | B35: =1/SUM(1-B33) -> 1.3240824 | C35: =1/SUM(1-C33) -> 1.3240824 | F35: =1/SUM(1-F33) -> 1.3240824

Sheet Report 260 2024 Q4 Prov.
A1: Jurisdiction : | C1: Federal
E2: Timing Diff Activity | F2: DFIT Activity | G2: FAS109 Activity | H2: FT Activity | I2: Excess Activity
A3: Tax Year : | C3: 2024
A4: 2024 Q4 Reg Provision Case
A5: BH Colorado Electric Oper Co
A6: PowerTax Deferred Tax Summary Report
A7: Grouped By: Total Tax Classes
B8: NP-Fed/CO-COR | E8: -4137885 | F8: -847391 | G8: -868956 | H8: 0 | I8: 21565
B9: PP-Fed/CO-174 Method/Life | E9: 1295077 | F9: 271966 | G9: 271966 | H9: 0 | I9: 0 | K9: Protected B4 Grossup
B10: PP-Fed/CO-GL Balancing | E10: 0 | F10: 0 | G10: 0 | H10: 0 | I10: 0 | K10: =I11+I30 -> -1822799
B11: PP-Fed/CO-Method/Life | E11: 869372 | F11: -1502415 | G11: 182568 | H11: 0 | I11: -1684983
A12: Total Tax Classes | E12: -1973435 | F12: -2077840 | G12: -414421 | H12: 0 | I12: -1663418
A13: Amortization Type Depreciation Difference Totals: | E13: -1973435 | F13: -2077840 | G13: -414421 | H13: 0 | I13: -1663418
B14: FT-Fed/CO-AFUDC Eqity | E14: -31075 | F14: 0 | G14: -6526 | H14: -6526 | I14: 0
B15: FT-Fed/CO-UOP Adjust Flow Thru % | E15: 0 | F15: 0 | G15: 0 | H15: 0 | I15: 0
B16: NP-Fed/CO-AFUDC Debt | E16: 1283639 | F16: 269564 | G16: 269564 | H16: 0 | I16: 0
B17: NP-Fed/CO-Alt Motor Veh Credit | E17: 0 | F17: 0 | G17: 0 | H17: 0 | I17: 0
B18: NP-Fed/CO-Facts & Circumstances | E18: -94026 | F18: -19745 | G18: -19746 | H18: 0 | I18: 0
B19: NP-Fed/CO-Grant Basis Reduction | E19: 878864 | F19: 184561 | G19: 184561 | H19: 0 | I19: 0
B20: NP-Fed/CO-IDD #5 | E20: 14649876 | F20: 3076474 | G20: 3076474 | H20: 0 | I20: 0
B21: NP-Fed/CO-IDD5 481(a) Adj | E21: -24673 | F21: -5181 | G21: -5181 | H21: 0 | I21: 0
B22: NP-Fed/CO-Repair Expenses Cap | E22: -3695 | F22: -776 | G22: -776 | H22: 0 | I22: 0
B23: NP-Fed/CO-Sec 162 | E23: -39880 | F23: -8375 | G23: -8375 | H23: 0 | I23: 0
B24: NP-Fed/CO-Sec 174 | E24: -792715 | F24: -166470 | G24: -166470 | H24: 0 | I24: 0
B25: NP-Fed/CO-Tax Expensing | E25: 16404956 | F25: 3445041 | G25: 3445041 | H25: 0 | I25: 0
... B30: PP-Fed/CO-Aquila Net Book Adj | E30: -984403 | F30: -344541 | G30: -206725 | H30: 0 | I30: -137816
A31: Total Tax Classes | E31: 30069837 | F31: 6183375 | G31: 6314666 | H31: -6526 | I31: -137816
A32: Amortization Type Book Overhead Totals: | E32: 30069837 | F32: 6183375 | G32: 6314666 | H32: -6526 | I32: -137816
B33: EX-Fed/CO-Aquila Cost Adj | E33: 126401 | F33: 26544 | G33: 26544 | H33: 0 | I33: 0
B34: EX-Fed/CO-Aquila Step-Up Adj | E34: 918339 | F34: 192851 | G34: 192851 | H34: 0 | I34: 0
B35: NP-Fed/CO-481a Adjustment | E35: -277682 | F35: -58313 | G35: -58313 | H35: 0 | I35: 0
B36: NP-Fed/CO-481a Bonus Adjustment | E36: 9592 | F36: 2014 | G36: 2014 | H36: 0 | I36: 0
B37: NP-Fed/CO-48a(a) Adjustment 2013 | E37: 19937 | F37: 4187 | G37: 4187 | H37: 0 | I37: 0
B38: NP-Fed/CO-Cap Interest | E38: 11585 | F38: 2433 | G38: 2433 | H38: 0 | I38: 0
B39: NP-Fed/CO-CIAC - Taxable | E39: -4245321 | F39: -891517 | G39: -891517 | H39: 0 | I39: 0
B40: NP-Fed/CO-CPI | E40: -724081 | F40: -152057 | G40: -152057 | H40: 0 | I40: 0
B41: NP-Fed/CO-Excess Amort | E41: 0 | F41: 0 | G41: 0 | H41: 0 | I41: 0
B42: NP-Fed/CO-Excess Amort 2022 | E42: 0 | F42: 0 | G42: 0 | H42: 0 | I42: 0
B43: NP-Fed/CO-Tax Expensing-Reversal | E43: 60579 | F43: 12722 | G43: 12722 | H43: 0 | I43: 0
A44: Total Tax Classes | E44: -4100650 | F44: -861136 | G44: -861136 | H44: 0 | I44: 0
A45: Amortization Type Tax Overhead Totals: | E45: -4100650 | F45: -861136 | G45: -861136 | H45: 0 | I45: 0
A46: Jurisdiction Totals: | E46: 23995753 | F46: 3244399 | G46: 5039108 | H46: -6526 | I46: -1801234
A47: Company Totals: | E47: 23995753 | F47: 3244399 | G47: 5039108 | H47: -6526 | I47: -1801234
A48: 04/21/2025 at 10:26 am | B48: PwrTax - 260
A49: Grand Totals: | E49: 23995753 | F49: 3244399 | G49: 5039108 | H49: -6526 | I49: -1801234

Sheet Report 260 2023 TR
A1: Jurisdiction : | C1: Federal
E2: Timing Diff Activity | F2: DFIT Activity | G2: FAS109 Activity | H2: FT Activity | I2: Excess Activity
A3: Tax Year : | C3: 2023
A4: Master Case Regulated Post 2017
A5: BH Colorado Electric Oper Co
A6: PowerTax Deferred Tax Summary Report
A7: Grouped By: Total Tax Classes
B8: NP-Fed/CO-COR | E8: -3784972 | F8: -794874 | G8: -794844 | H8: 0 | I8: -30
B9: PP-Fed/CO-174 Method/Life | E9: 786182 | F9: 165098 | G9: 165098 | H9: 0 | I9: 0 | K9: Protected B4 Grossup
B10: PP-Fed/CO-GL Balancing | E10: 0 | F10: 0 | G10: 0 | H10: 0 | I10: 0 | K10: =I11+I30 -> -1841824
B11: PP-Fed/CO-Method/Life | E11: -1292449 | F11: -1958108 | G11: -271414 | H11: 0 | I11: -1686694
A12: Total Tax Classes | E12: -4291239 | F12: -2587884 | G12: -901160 | H12: 0 | I12: -1686723
A13: Amortization Type Depreciation Difference Totals: | E13: -4291239 | F13: -2587884 | G13: -901160 | H13: 0 | I13: -1686723
B14: FT-Fed/CO-AFUDC Eqity | E14: -31096 | F14: 0 | G14: -6530 | H14: -6530 | I14: 0
B15: FT-Fed/CO-UOP Adjust Flow Thru % | E15: 0 | F15: 0 | G15: 0 | H15: 0 | I15: 0
B16: NP-Fed/CO-AFUDC Debt | E16: 2545405 | F16: 534535 | G16: 534535 | H16: 0 | I16: 0
B17: NP-Fed/CO-Alt Motor Veh Credit | E17: -322 | F17: -68 | G17: -68 | H17: 0 | I17: 0
B18: NP-Fed/CO-Facts & Circumstances | E18: -111517 | F18: -23419 | G18: -23419 | H18: 0 | I18: 0
B19: NP-Fed/CO-Grant Basis Reduction | E19: 240593 | F19: 50524 | G19: 50524 | H19: 0 | I19: 0
B20: NP-Fed/CO-IDD #5 | E20: 16682166 | F20: 3503255 | G20: 3503255 | H20: 0 | I20: 0
B21: NP-Fed/CO-IDD5 481(a) Adj | E21: -27329 | F21: -5739 | G21: -5739 | H21: 0 | I21: 0
B22: NP-Fed/CO-Repair Expenses Cap | E22: -4074 | F22: -856 | G22: -856 | H22: 0 | I22: 0
B23: NP-Fed/CO-Sec 162 | E23: -39678 | F23: -8332 | G23: -8332 | H23: 0 | I23: 0
B24: NP-Fed/CO-Sec 174 | E24: -738696 | F24: -155126 | G24: -155126 | H24: 0 | I24: 0
B25: NP-Fed/CO-Tax Expensing | E25: 10596566 | F25: 2225279 | G25: 2225279 | H25: 0 | I25: 0
... B30: PP-Fed/CO-Aquila Net Book Adj | E30: -1108074 | F30: -387826 | G30: -232695 | H30: 0 | I30: -155130
A31: Total Tax Classes | E31: 26977229 | F31: 5516618 | G31: 5665218 | H31: -6530 | I31: -155130
A32: Amortization Type Book Overhead Totals: | E32: 26977229 | F32: 5516618 | G32: 5665218 | H32: -6530 | I32: -155130
B33: EX-Fed/CO-Aquila Cost Adj | E33: 136166 | F33: 28595 | G33: 28595 | H33: 0 | I33: 0
B34: EX-Fed/CO-Aquila Step-Up Adj | E34: 1155831 | F34: 242724 | G34: 242724 | H34: 0 | I34: 0
B35: NP-Fed/CO-481a Adjustment | E35: -132071 | F35: -27735 | G35: -27735 | H35: 0 | I35: 0
B36: NP-Fed/CO-481a Bonus Adjustment | E36: 9431 | F36: 1981 | G36: 1981 | H36: 0 | I36: 0
B37: NP-Fed/CO-48a(a) Adjustment 2013 | E37: 5855 | F37: 1229 | G37: 1229 | H37: 0 | I37: 0
B38: NP-Fed/CO-Cap Interest | E38: 11584 | F38: 2433 | G38: 2433 | H38: 0 | I38: 0
B39: NP-Fed/CO-CIAC - Taxable | E39: -2175258 | F39: -456804 | G39: -456804 | H39: 0 | I39: 0
B40: NP-Fed/CO-CPI | E40: -2410243 | F40: -506151 | G40: -506151 | H40: 0 | I40: 0
B41: NP-Fed/CO-Excess Amort | E41: 0 | F41: 0 | G41: 0 | H41: 0 | I41: 0
B42: NP-Fed/CO-Excess Amort 2022 | E42: 0 | F42: 0 | G42: 0 | H42: 0 | I42: 0
B43: NP-Fed/CO-Tax Expensing-Reversal | E43: 41301 | F43: 8673 | G43: 8673 | H43: 0 | I43: 0
A44: Total Tax Classes | E44: -3357405 | F44: -705055 | G44: -705055 | H44: 0 | I44: 0
A45: Amortization Type Tax Overhead Totals: | E45: -3357405 | F45: -705055 | G45: -705055 | H45: 0 | I45: 0
A46: Jurisdiction Totals: | E46: 19328584 | F46: 2223679 | G46: 4059003 | H46: -6530 | I46: -1841854
A47: Company Totals: | E47: 19328584 | F47: 2223679 | G47: 4059003 | H47: -6530 | I47: -1841854
A48: 04/21/2025 at 10:33 am | B48: PwrTax - 260
A49: Grand Totals: | E49: 19328584 | F49: 2223679 | G49: 4059003 | H49: -6530 | I49: -1841854

Sheet BHSC SC ARAM 2024
B1: Current Year | C1: Other | D1: Return to Accrual - PY | E1: UTP | F1: ITC & Excess Deferred | G1: State Adjust | H1: Tax Basis Adjust | I1: Total
A2: Tax Footnote ETR Report - Report #54513A
A4: 2024 Master Case (PS9) - RL
A5: BH Colorado Electric Oper Co
A6: ACROSS OPERATING INDICATORS
A7: All January Through December Activity
A8: ========================================
A9: Book Income | B9: 22293256 | C9: 0 | D9: 0 | E9: 0 | F9: 0 | G9: 0 | H9: 0 | I9: 22293256
A10: Tax Items | B10: 0 | C10: 0 | D10: 0 | E10: 0 | F10: 0 | G10: 0 | H10: 0 | I10: 0
A11: Book Income Before Income Taxes (Adjusted for Tax Items) | B11: 22293256 | C11: 0 | D11: 0 | E11: 0 | F11: 0 | G11: 0 | H11: 0 | I11: 22293256
A12: ========================================
A14: Federal Income Taxes @ Statutory Rate | B14: 4681584 | C14: 0 | D14: 0 | E14: 0 | F14: 0 | G14: 0 | H14: 0 | I14: 4681584
A15: State Tax Expense | B15: 1242442 | C15: -5125 | D15: 3490 | E15: 0 | F15: 0 | G15: -39600 | H15: 0 | I15: 1201207
A16: Fed Benefit of State Tax Deduction | B16: -209494 | C16: 1076 | D16: -244 | E16: 0 | F16: 0 | G16: 8316 | H16: 0 | I16: -200346
A17: Total Taxes Before Adjustments | B17: 5714532 | C17: -4049 | D17: 3247 | E17: 0 | F17: 0 | G17: -31284 | H17: 0 | I17: 5682445
A18: ========================================
A19: No Rollup
A20: Club Dues | B20: 12338 | C20: 0 | D20: 0 | E20: 0 | F20: 0 | G20: 0 | H20: 0 | I20: 12338
A21: Entertainment | B21: 1157 | C21: 0 | D21: -715 | E21: 0 | F21: 0 | G21: 0 | H21: 0 | I21: 443
A22: Fines & Penalties | B22: 737 | C22: 0 | D22: 0 | E22: 0 | F22: 0 | G22: 0 | H22: 0 | I22: 737
A23: Line Extension Deposits Import | B23: 0 | C23: -24462 | D23: 0 | E23: 0 | F23: 0 | G23: 0 | H23: 0 | I23: -24462
A24: Lobbying | B24: 4301 | C24: 0 | D24: 1653 | E24: 0 | F24: 0 | G24: 0 | H24: 0 | I24: 5954
A25: Meals | B25: 37157 | C25: 0 | D25: -1241 | E25: 0 | F25: 0 | G25: 0 | H25: 0 | I25: 35917
A26: PEP Life - CSV | B26: -7837 | C26: 0 | D26: 0 | E26: 0 | F26: 0 | G26: 0 | H26: 0 | I26: -7837
A27: Total No Rollup | B27: 47854 | C27: -24462 | D27: -303 | E27: 0 | F27: 0 | G27: 0 | H27: 0 | I27: 23090
A28: ========================================
A29: PTC
A30: Production Tax Credit | B30: -5598768 | C30: 5212377 | D30: 0 | E30: 0 | F30: 0 | G30: 0 | H30: 0 | I30: -386391
A31: Total PTC | B31: -5598768 | C31: 5212377 | D31: 0 | E31: 0 | F31: 0 | G31: 0 | H31: 0 | I31: -386391
A32: ========================================
A33: PTC Discount
A34: Production Tax Credit Discount | B34: 335926 | C34: 0 | D34: 0 | E34: 0 | F34: 0 | G34: 0 | H34: 0 | I34: 335926
A35: Total PTC Discount | B35: 335926 | C35: 0 | D35: 0 | E35: 0 | F35: 0 | G35: 0 | H35: 0 | I35: 335926
A36: ========================================
A37: AFUDC - Equity | B37: 6526 | C37: 0 | D37: 4117 | E37: 0 | F37: 0 | G37: 0 | H37: 0 | I37: 10642
A38: BHSC EDIT Allocation | B38: -93391 | C38: 0 | D38: 1107 | E38: 0 | F38: 0 | G38: 0 | H38: 0 | I38: -92284
A39: EDFIT/EDSIT | B39: -1284682 | C39: 0 | D39: 0 | E39: 0 | F39: 0 | G39: 0 | H39: 0 | I39: -1284682
A40: Other | B40: 0 | C40: -4899635 | D40: 0 | E40: 0 | F40: 0 | G40: 0 | H40: 0 | I40: -4899635
A41: Total Total Tax Expense (Benefit) Before Discrete Items | B41: -872004 | C41: 284231 | D41: 8168 | E41: 0 | F41: 0 | G41: -31284 | H41: 0 | I41: -610889
A42: R&D & UTP | B42: -246854 | C42: 0 | D42: -149399 | E42: 46366 | F42: 0 | G42: 0 | H42: 0 | I42: -349887
A43: Total Tax Expense (Benefit) With Discrete Items | B43: -1118858 | C43: 284231 | D43: -141231 | E43: 46366 | F43: 0 | G43: -31284 | H43: 0 | I43: -960775
A44: Tax Expense Booked | B44: -1118858 | C44: 284231 | D44: -141231 | E44: 46366 | F44: 0 | G44: -31284 | H44: 0 | I44: -960775
A45: Difference | B45: 0 | C45: 0 | D45: 0 | E45: 0 | F45: 0 | G45: 0 | H45: 0 | I45: 0
A46: Total ETR Percentage | B46: -0.050188 | C46: 0 | D46: 0 | E46: 0 | F46: 0 | G46: 0 | H46: 0 | I46: -0.043097
A47: Consolidated ETR Percentage | B47: -0.050188 | C47: 0.01275 | D47: -0.006335 | E47: 0.00208 | F47: 0 | G47: -0.001403 | H47: 0 | I47: -0.043097
H49: BHSC ARAM | I49: =I38 -> -92284
H50: Tax Gross Up | I50: 1.3240824
H51: ARAM w Tax Gross Up4 | I51: =I49*I50 -> -122191.62
H54: PP | I54: =$I$51*'Report 260 SC 2024'!H52 -> -119563.88
H55: NP | I55: =$I$51*'Report 260 SC 2024'!H53 -> -2627.7392

Sheet Report 260 SC 2024
A1: Jurisdiction : | C1: Federal
E2: Timing Diff Activity | F2: DFIT Activity | G2: FAS109 Activity | H2: FT Activity | I2: Excess Activity
A3: Tax Year : | C3: 2024
A4: 2024 Q4 Reg Provision Case
A5: BH Service Company LLC
A6: PowerTax Deferred Tax Summary Report
A7: Grouped By: Total Tax Classes
B8: NP-Fed/SC-COR | E8: 2932.01 | F8: 1061.46 | G8: 615.72 | H8: 0 | I8: 445.74 | J8: NP
B9: PP-Fed/SC-174 Method/Life | E9: 8002290 | F9: 1680480.9 | G9: 1680480.9 | H9: 0 | I9: 0.01
B10: PP-Fed/SC-GL Balancing | E10: 0 | F10: 0 | G10: 0 | H10: 0 | I10: 0
B11: PP-Fed/SC-Method/Life | E11: -16748207 | F11: -4478414.3 | G11: -3517123.5 | H11: 0 | I11: -961290.78 | J11: PP
A12: Total Tax Classes | E12: -8742985.4 | F12: -2796872 | G12: -1836026.9 | H12: 0 | I12: -960845.03
A13: Amortization Type Depreciation Difference Totals: | E13: -8742985.4 | F13: -2796872 | G13: -1836026.9 | H13: 0 | I13: -960845.03
B14: FT-Fed/SC-481(a) Adjust BHP FT | E14: 0 | F14: 0 | G14: 0 | H14: 0 | I14: 0
B15: FT-Fed/SC-AFUDC Eqity | E15: -679.86 | F15: 0 | G15: -142.77 | H15: -142.77 | I15: 0
B16: FT-Fed/SC-UOP Adjust Flow Thru % | E16: 0 | F16: 0 | G16: 0 | H16: 0 | I16: 0
B17: NP-Fed/SC-481(a) Adjust BHP Norm | E17: 0 | F17: 0 | G17: 0 | H17: 0 | I17: 0
B18: NP-Fed/SC-AFUDC Debt | E18: -149712.52 | F18: -48266.78 | G18: -31439.63 | H18: 0 | I18: -16827.15 | J18: NP
B19: NP-Fed/SC-Computers Write Off | E19: 0 | F19: 0 | G19: 0 | H19: 0 | I19: 0
B20: NP-Fed/SC-Equipment Write Off | E20: 0 | F20: 0 | G20: 0 | H20: 0 | I20: 0
B21: NP-Fed/SC-Facts & Circumstances | E21: 183.51 | F21: 64.23 | G21: 38.54 | H21: 0 | I21: 25.69 | J21: NP
B22: NP-Fed/SC-ITC Basis Reduction | E22: 0 | F22: 0 | G22: 0 | H22: 0 | I22: 0
B23: NP-Fed/SC-Meter Reversal | E23: -4633.02 | F23: -1621.54 | G23: -972.93 | H23: 0 | I23: -648.61 | J23: NP
B24: NP-Fed/SC-Other Book | E24: 225.91 | F24: 79.07 | G24: 47.44 | H24: 0 | I24: 31.63 | J24: NP
B25: NP-Fed/SC-Repair Allowance | E25: 0 | F25: 0 | G25: 0 | H25: 0 | I25: 0
B26: NP-Fed/SC-Tax Expensing | E26: 0 | F26: 0 | G26: 0 | H26: 0 | I26: 0
B27: NP-Fed/SC-Transfer Adjustment | E27: -4913.57 | F27: -1719.75 | G27: -1031.85 | H27: 0 | I27: -687.9 | J27: NP
B28: NP-Fed/SC-Unit of Property Adj | E28: -13954.3 | F28: -4884.01 | G28: -2930.4 | H28: 0 | I28: -1953.61 | J28: NP
B29: NP-Fed/SC-Unknown Write Off | E29: 0 | F29: 0 | G29: 0 | H29: 0 | I29: 0
B30: NP-Fed/SC-UOP Adjustment 20% | E30: 0 | F30: 0 | G30: 0 | H30: 0 | I30: 0
B31: NP-Fed/SC-zzzCOR Adj | E31: 0 | F31: 0 | G31: 0 | H31: 0 | I31: 0
B32: PP-Fed/SC-Acquisition Adjustment | E32: -14332.47 | F32: -5016.37 | G32: -3009.82 | H32: 0 | I32: -2006.55 | J32: PP
B33: PP-Fed/SC-Aquila COR Adj | E33: 0 | F33: 0 | G33: 0 | H33: 0 | I33: 0
B34: PP-Fed/SC-Aquila Net Book Adj | E34: -26302.75 | F34: -9205.94 | G34: -5523.58 | H34: 0 | I34: -3682.36 | J34: PP
A35: Total Tax Classes | E35: -214119.07 | F35: -70571.09 | G35: -44965 | H35: -142.77 | I35: -25748.86
A36: Amortization Type Book Overhead Totals: | E36: -214119.07 | F36: -70571.09 | G36: -44965 | H36: -142.77 | I36: -25748.86
B37: EX-Fed/SC-Aquila Cost Adj | E37: 1610.01 | F37: 338.13 | G37: 338.1 | H37: 0 | I37: 0.03 | J37: NP
B38: EX-Fed/SC-Aquila Step-Up Adj | E38: 0 | F38: 0 | G38: 0 | H38: 0 | I38: 0 | J38: NP
B39: NP-Fed/SC-1033 Invol Conv Gain | E39: -2.19 | F39: -0.76 | G39: -0.46 | H39: 0 | I39: -0.3
B40: NP-Fed/SC-481a Adjustment | E40: -22077.39 | F40: -7727.09 | G40: -4636.25 | H40: 0 | I40: -3090.84 | J40: NP
B41: NP-Fed/SC-481a Bonus Adjustment | E41: 0 | F41: 0 | G41: 0 | H41: 0 | I41: 0
B42: NP-Fed/SC-CIAC - Taxable | E42: 0.79 | F42: 0.28 | G42: 0.17 | H42: 0 | I42: 0.11
B43: NP-Fed/SC-CPI | E43: 94843.3 | F43: 21370.12 | G43: 19917.09 | H43: 0 | I43: 1453.03 | J43: NP
B44: NP-Fed/SC-Memo Fed - Regulated | E44: 0 | F44: 0 | G44: 0 | H44: 0 | I44: 0
A45: Total Tax Classes | E45: 74374.52 | F45: 13980.68 | G45: 15618.65 | H45: 0 | I45: -1637.97
A46: Amortization Type Tax Overhead Totals: | E46: 74374.52 | F46: 13980.68 | G46: 15618.65 | H46: 0 | I46: -1637.97
A47: Jurisdiction Totals: | E47: -8882730 | F47: -2853462.4 | G47: -1865373.3 | H47: -142.77 | I47: -988231.86
A48: Company Totals: | E48: -8882730 | F48: -2853462.4 | G48: -1865373.3 | H48: -142.77 | I48: -988231.86
A49: 04/22/2025 at 11:28 am | B49: PwrTax - 260
A50: Grand Totals: | E50: -8882730 | F50: -2853462.4 | G50: -1865373.3 | H50: -142.77 | I50: -988231.86
H52: =I52/I54 -> 0.97849493 | I52: =SUMIF($J$8:$J$43,J52,I8:I43) -> -966979.69 | J52: PP
H53: =I53/I54 -> 0.021505069 | I53: =SUMIF(J8:J43,J53,I8:I43) -> -21251.99 | J53: NP
I54: =SUM(I52:I53) -> -988231.68

Sheet BHSC SC ARAM 2023
B1: Current Year | C1: Other | D1: Return to Accrual - PY | E1: UTP | F1: ITC & Excess Deferred | G1: State Adjust | H1: Tax Basis Adjust | I1: Total
A2: Tax Footnote ETR Report - Report #54513A
A4: 2023 Master Case (PS9) - RL
A5: BH Colorado Electric Oper Co
A6: ACROSS OPERATING INDICATORS
A7: All January Through December Activity
A8: ========================================
A9: Book Income | B9: 23701588 | C9: 0 | D9: 0 | E9: 0 | F9: 0 | G9: 0 | H9: 0 | I9: 23701588
A10: Tax Items | B10: 0 | C10: 0 | D10: 0 | E10: 0 | F10: 0 | G10: 0 | H10: 0 | I10: 0
A11: Book Income Before Income Taxes (Adjusted for Tax Items) | B11: 23701588 | C11: 0 | D11: -68.61 | E11: 0 | F11: 0 | G11: 0 | H11: 0 | I11: 23701520
A12: ========================================
A14: Federal Income Taxes @ Statutory Rate | B14: 4977333.6 | C14: 0 | D14: -14.41 | E14: 0 | F14: 0 | G14: 0 | H14: 0 | I14: 4977319.2
A15: State Tax Expense | B15: 1320904.3 | C15: 82471.59 | D15: -13109.46 | E15: 0 | F15: 0 | G15: 368892.57 | H15: -53614.51 | I15: 1705544.5
A16: Fed Benefit of State Tax Deduction | B16: -225434.8 | C16: -292626.62 | D16: 528.81 | E16: 0 | F16: 0 | G16: 38531.51 | H16: 11259.06 | I16: -467742.04
A17: Total Taxes Before Adjustments | B17: 6072803.1 | C17: -210155.03 | D17: -12595.06 | E17: 0 | F17: 0 | G17: 407424.08 | H17: -42355.45 | I17: 6215121.7
A18: ========================================
A19: No Rollup
A20: Club Dues | B20: 6605.82 | C20: 0 | D20: -988.42 | E20: 0 | F20: 0 | G20: 0 | H20: 0 | I20: 5617.4
A21: Entertainment | B21: 1351.31 | C21: 0 | D21: -1548.63 | E21: 0 | F21: 0 | G21: 0 | H21: 0 | I21: -197.32
A22: Fines & Penalties | B22: 10575.12 | C22: 0 | D22: -0.08 | E22: 0 | F22: 0 | G22: 0 | H22: 0 | I22: 10575.04
A23: Line Extension Deposits Import | B23: 24461.63 | C23: 0 | D23: 0 | E23: 0 | F23: 0 | G23: 0 | H23: 0 | I23: 24461.63
A24: Lobbying | B24: 23609.44 | C24: 0 | D24: 1352.41 | E24: 0 | F24: 0 | G24: 0 | H24: 0 | I24: 24961.85
A25: Meals | B25: 37278.9 | C25: 0 | D25: 0 | E25: 0 | F25: 0 | G25: 0 | H25: 0 | I25: 37278.9
A26: PEP Life - CSV | B26: -16387.01 | C26: 0 | D26: 0.1 | E26: 0 | F26: 0 | G26: 0 | H26: 0 | I26: -16386.91
A27: Total No Rollup | B27: 87495.21 | C27: 0 | D27: -1184.62 | E27: 0 | F27: 0 | G27: 0 | H27: 0 | I27: 86310.59
A28: ========================================
A29: PTC
A30: Production Tax Credit | B30: -5212377 | C30: 0 | D30: 0 | E30: 0 | F30: 0 | G30: 0 | H30: 0 | I30: -5212377
A31: Total PTC | B31: -5212377 | C31: 0 | D31: 0 | E31: 0 | F31: 0 | G31: 0 | H31: 0 | I31: -5212377
A32: ========================================
A33: AFUDC - Equity | B33: 6593.02 | C33: 0 | D33: -4290.61 | E33: 0 | F33: 0 | G33: 0 | H33: 0 | I33: 2302.41
A34: BHSC EDIT Allocation | B34: -109757.97 | C34: -5424.57 | D34: 3460.38 | E34: 0 | F34: 0 | G34: 14653.78 | H34: 0 | I34: -97068.38
A35: EDFIT/EDSIT | B35: -1126848.6 | C35: 0 | D35: 0 | E35: 0 | F35: 0 | G35: 0 | H35: 0 | I35: -1126848.6
A36: Other | B36: 0 | C36: 274204.15 | D36: 0 | E36: 0 | F36: 0 | G36: -115998.99 | H36: -299.18 | I36: 157905.98
A37: Total Total Tax Expense (Benefit) Before Discrete Items | B37: -282092.21 | C37: 58624.55 | D37: -14609.91 | E37: 0 | F37: 0 | G37: 306078.87 | H37: -42654.63 | I37: 25346.67
A38: R&D & UTP | B38: -246730.1 | C38: 0 | D38: 0 | E38: 3662 | F38: 0 | G38: 0 | H38: 0 | I38: -243068.1
A39: Total Tax Expense (Benefit) With Discrete Items | B39: -528822.31 | C39: 58624.55 | D39: -14609.91 | E39: 3662 | F39: 0 | G39: 306078.87 | H39: -42654.63 | I39: -217721.43
A40: Tax Expense Booked | B40: -528822.37 | C40: 58624.56 | D40: -14609.87 | E40: 3662 | F40: 0 | G40: 306078.87 | H40: -42654.63 | I40: -217721.44
A41: Difference | B41: 0.06 | C41: -0.01 | D41: -0.04 | E41: 0 | F41: 0 | G41: 0 | H41: 0 | I41: 0.01
A42: Total ETR Percentage | B42: -0.022312 | C42: 0 | D42: 0 | E42: 0 | F42: 0 | G42: 0 | H42: 0 | I42: -0.009186
A43: Consolidated ETR Percentage | B43: -0.022312 | C43: 0.002473 | D43: -0.000616 | E43: 0.000155 | F43: 0 | G43: 0.012914 | H43: -0.001800 | I43: -0.009186
H45: BHSC ARAM | I45: =I34 -> -97068.38
A46: Remove State DDIT net of federal benefit | B46: =B58*0.79 -> 267812.2 | C46: Includes gross up amount. Pulled from below | H46: Tax Gross Up | I46: 1.3240824
A47: Total Adjusted Tax expense | B47: =B37-B46 -> -549904.41 | H47: ARAM w Tax Gross Up4 | I47: =I45*I46 -> -128526.53
B48: =B47 -> -549904.41
H49: PP | I49: =$I$47*'Report 260 SC 2023'!H51 -> -128417.84
A50: Stmt K TTE Amount | B50: -558424.36 | H50: NP | I50: =$I$47*'Report 260 SC 2023'!H52 -> -108.6909
A52: check | B52: =B48-B50 -> 8519.9454
A56: BHSC EDIT Allocation | B56: -109757.97
A57: EDFIT Allocation | B57: -1492040.4
A58: EDSIT Allocation | B58: 339002.79
A59: GROSS UP | B59: 282217.47
A60: Total EDIT Allocation | B60: =SUM(B55:B59) -> -980578.12 | C60: #N/A

Sheet Report 260 SC 2023
A1: Jurisdiction : | C1: Federal
E2: Timing Diff Activity | F2: DFIT Activity | G2: FAS109 Activity | H2: FT Activity | I2: Excess Activity
A3: Tax Year : | C3: 2023
A4: Master Case Regulated Post 2017
A5: BH Service Company LLC
A6: PowerTax Deferred Tax Summary Report
A7: Grouped By: Total Tax Classes
B8: NP-Fed/SC-COR | E8: 95415.49 | F8: 20037.25 | G8: 20037.25 | H8: 0 | I8: 0
B9: PP-Fed/SC-174 Method/Life | E9: 2078745.5 | F9: 436536.55 | G9: 436536.55 | H9: 0 | I9: 0
B10: PP-Fed/SC-GL Balancing | E10: 0 | F10: 0 | G10: 0 | H10: 0 | I10: 0
B11: PP-Fed/SC-Method/Life | E11: -12800244 | F11: -3628622 | G11: -2688051.2 | H11: 0 | I11: -940570.7 | J11: PP
A12: Total Tax Classes | E12: -10626083 | F12: -3172048.1 | G12: -2231477.5 | H12: 0 | I12: -940570.7
A13: Amortization Type Depreciation Difference Totals: | E13: -10626083 | F13: -3172048.1 | G13: -2231477.5 | H13: 0 | I13: -940570.7
B14: FT-Fed/SC-481(a) Adjust BHP FT | E14: 0 | F14: 0 | G14: 0 | H14: 0 | I14: 0
B15: FT-Fed/SC-AFUDC Eqity | E15: -1885.85 | F15: 0 | G15: -396.03 | H15: -396.03 | I15: 0
B16: FT-Fed/SC-UOP Adjust Flow Thru % | E16: 0 | F16: 0 | G16: 0 | H16: 0 | I16: 0
B17: NP-Fed/SC-481(a) Adjust BHP Norm | E17: 0 | F17: 0 | G17: 0 | H17: 0 | I17: 0
B18: NP-Fed/SC-AFUDC Debt | E18: 102597.04 | F18: 16530.13 | G18: 21545.38 | H18: 0 | I18: -5015.25 | J18: NP
B19: NP-Fed/SC-Computers Write Off | E19: 0 | F19: 0 | G19: 0 | H19: 0 | I19: 0
B20: NP-Fed/SC-Equipment Write Off | E20: 0 | F20: 0 | G20: 0 | H20: 0 | I20: 0
B21: NP-Fed/SC-Facts & Circumstances | E21: 162.38 | F21: 56.83 | G21: 34.1 | H21: 0 | I21: 22.73
B22: NP-Fed/SC-ITC Basis Reduction | E22: 0 | F22: 0 | G22: 0 | H22: 0 | I22: 0
B23: NP-Fed/SC-Meter Reversal | E23: -7629.07 | F23: -2670.16 | G23: -1602.1 | H23: 0 | I23: -1068.06 | J23: NP
B24: NP-Fed/SC-Other Book | E24: 161.32 | F24: 56.46 | G24: 33.88 | H24: 0 | I24: 22.58 | J24: NP
B25: NP-Fed/SC-Repair Allowance | E25: 0 | F25: 0 | G25: 0 | H25: 0 | I25: 0
B26: NP-Fed/SC-Transfer Adjustment | E26: -3829.08 | F26: -1340.17 | G26: -804.11 | H26: 0 | I26: -536.06 | J26: NP
B27: NP-Fed/SC-Unit of Property Adj | E27: -13544.6 | F27: -4740.63 | G27: -2844.37 | H27: 0 | I27: -1896.26 | J27: NP
B28: NP-Fed/SC-Unknown Write Off | E28: 0 | F28: 0 | G28: 0 | H28: 0 | I28: 0
B29: NP-Fed/SC-UOP Adjustment 20% | E29: 0 | F29: 0 | G29: 0 | H29: 0 | I29: 0
B30: NP-Fed/SC-zzzCOR Adj | E30: 0 | F30: 0 | G30: 0 | H30: 0 | I30: 0
B31: PP-Fed/SC-Acquisition Adjustment | E31: -14799.23 | F31: -5179.74 | G31: -3107.84 | H31: 0 | I31: -2071.9 | J31: PP
B32: PP-Fed/SC-Aquila COR Adj | E32: 0 | F32: 0 | G32: 0 | H32: 0 | I32: 0
B33: PP-Fed/SC-Aquila Net Book Adj | E33: -29889.35 | F33: -10461.29 | G33: -6276.76 | H33: 0 | I33: -4184.53 | J33: PP
A34: Total Tax Classes | E34: 31343.56 | F34: -7748.57 | G34: 6582.15 | H34: -396.03 | I34: -14726.75
A35: Amortization Type Book Overhead Totals: | E35: 31343.56 | F35: -7748.57 | G35: 6582.15 | H35: -396.03 | I35: -14726.75
B36: EX-Fed/SC-Aquila Cost Adj | E36: 1703.16 | F36: 357.64 | G36: 357.66 | H36: 0 | I36: -0.02
B37: EX-Fed/SC-Aquila Step-Up Adj | E37: 0 | F37: 0 | G37: 0 | H37: 0 | I37: 0
B38: NP-Fed/SC-1033 Invol Conv Gain | E38: -2.18 | F38: -0.76 | G38: -0.46 | H38: 0 | I38: -0.3 | J38: NP
B39: NP-Fed/SC-481a Adjustment | E39: -22077.33 | F39: -7727.06 | G39: -4636.24 | H39: 0 | I39: -3090.82 | J39: NP
B40: NP-Fed/SC-481a Bonus Adjustment | E40: 0 | F40: 0 | G40: 0 | H40: 0 | I40: 0
B41: NP-Fed/SC-CIAC - Taxable | E41: -4432.33 | F41: -930.68 | G41: -930.79 | H41: 0 | I41: 0.11 | J41: NP
B42: NP-Fed/SC-CPI | E42: 230373.37 | F42: 52541.53 | G42: 48378.41 | H42: 0 | I42: 4163.12 | J42: NP
B43: NP-Fed/SC-Memo Fed - Regulated | E43: 0 | F43: 0 | G43: 0 | H43: 0 | I43: 0
A44: Total Tax Classes | E44: 205564.69 | F44: 44240.67 | G44: 43168.58 | H44: 0 | I44: 1072.09
A45: Amortization Type Tax Overhead Totals: | E45: 205564.69 | F45: 44240.67 | G45: 43168.58 | H45: 0 | I45: 1072.09
A46: Jurisdiction Totals: | E46: -10389175 | F46: -3135556 | G46: -2181726.7 | H46: -396.03 | I46: -954225.36
A47: Company Totals: | E47: -10389175 | F47: -3135556 | G47: -2181726.7 | H47: -396.03 | I47: -954225.36
A48: 04/22/2025 at 11:10 am | B48: PwrTax - 260
A49: Grand Totals: | E49: -10389175 | F49: -3135556 | G49: -2181726.7 | H49: -396.03 | I49: -954225.36
H51: =I51/I53 -> 0.99915433 | I51: =SUMIF($J$11:$J$42,J51,I11:I42) -> -946827.13 | J51: PP
H52: =I52/I53 -> 0.00084566894 | I52: =SUMIF($J$11:$J$42,J52,I12:I43) -> -801.38 | J52: NP
I53: =SUM(I51:I52) -> -947628.51
